 Dungeon Crawl Stone Soup version 0.23.2-1-ga50397a6bc (webtiles) character file.

Game seed: 13248252797048901577

337544 Peloso the Hoplite (level 21, -1/201 HPs)
             Began as a Minotaur Fighter on May 18, 2019.
             Was the Champion of Okawaru.
             Slain by a freezing wraith (16 damage)
             ... on level 2 of the Vaults.
             The game lasted 02:48:26 (49377 turns).

Peloso the Hoplite (Minotaur Fighter)              Turns: 49377, Time: 02:48:26

Health: -1/201     AC: 29    Str: 49    XL:     21   Next: 1%
Magic:  21/21      EV: 13    Int:  5    God:    Okawaru [******]
Gold:   3515       SH: 22    Dex: 12    Spells: 20/20 levels left

rFire    + + +     SeeInvis .   a - +8 double sword "Larphynnau" {elec, +Blink rPois rF+++ Int-4}
rCold    . . .     Gourm    +   c - +1 shield {reflect}
rNeg     . . .     Faith    .   G - +2 plate armour {MR+}
rPois    +         Spirit   .   L - +2 hat
rElec    +         Reflect  +   S - scarf {cloud immunity}
rCorr    .         Harm     .   A - +2 pair of gloves {Str+3}
MR       +++..                  H - +2 pair of boots {Fly}
Stlth    ..........             M - amulet of Renloub {Gourm Str+4}
HPRegen  0.43/turn              y - ring "Aleynuxt" {MR+ Str+4 Int+4}
MPRegen  0.17/turn              D - ring "Piqeyfeg" {*Slow +Inv rElec rPois Str+9}

@: flying, studying 5 skills
A: retaliatory headbutt, horns 2
}: 2/15 runes: barnacled, gossamer
a: Heroism, Finesse, Renounce Religion, Evoke Blink, Evoke Invisibility, Stop
Flying


You were on level 2 of the Vaults.
You worshipped Okawaru.
Okawaru was exalted by your worship.
You were completely stuffed.

You visited 8 branches of the dungeon, and saw 37 of its levels.
You visited 1 bazaar.
You also visited: Trove, Gauntlet, Ice Cave and Volcano.

You collected 4704 gold pieces.
You spent 1189 gold pieces at shops.

Inventory:

Hand Weapons
 a - the +8 double sword "Larphynnau" (weapon) {elec, +Blink rPois rF+++ Int-4}
   (Okawaru gifted it to you on level 10 of the Dungeon)

   Occasionally, upon striking a foe, it will discharge some electrical energy
   and cause terrible harm.
   It affects your intelligence (-4).
   It renders you almost immune to fire.
   It protects you from poison.
   It lets you blink.
 e - a +1 long sword of flaming
 q - the +10 scimitar "Xipt" {speed, Dex+5}
   (Okawaru gifted it to you on level 4 of the Shoals)

   Attacks with this weapon are significantly faster.
   It affects your dexterity (+5).
Armour
 c - a +1 shield of reflection (worn)
 A - a +2 pair of gloves of strength (worn)
 G - a +2 plate armour of magic resistance (worn)
 H - a +2 pair of boots of flying (worn)
 I - a +2 crystal plate armour
 L - a +2 hat (worn)
 S - a scarf of cloud immunity (worn)
Jewellery
 g - the ring "Pemyss" {Wiz rF++ rC++ Dex-3}
   (You found it on level 2 of the Shoals)

   [ring of wizardry]

   It improves your spell success rate.
   It affects your dexterity (-3).
   It greatly protects you from fire.
   It greatly protects you from cold.
 y - the ring "Aleynuxt" (left hand) {MR+ Str+4 Int+4}
   (You found it in a Gauntlet)

   [ring of strength]

   It affects your strength (+4).
   It affects your intelligence (+4).
   It affects your resistance to hostile enchantments.
 B - the ring of the Manifold Gods {+Inv rPois rF- MR+++ Str+4}
   (You found it on level 7 of the Dungeon)

   [ring of strength]

   It affects your strength (+4).
   It makes you vulnerable to fire.
   It protects you from poison.
   It affects your resistance to hostile enchantments.
   It lets you turn invisible.
 D - the ring "Piqeyfeg" (right hand) {*Slow +Inv rElec rPois Str+9}
   (You took it off a skeletal warrior on level 7 of the Dungeon)

   [ring of poison resistance]

   It affects your strength (+9).
   It insulates you from electricity.
   It protects you from poison.
   It lets you turn invisible.
   It may slow you when you take damage.
 M - the amulet of Renloub (around neck) {Gourm Str+4}
   (You found it in a Gauntlet)

   [amulet of the gourmand]

   It allows you to eat raw meat even when not hungry.
   It affects your strength (+4).
 P - an uncursed ring of resist corrosion
 Y - the ring of Robustness {AC+8}
   (You took it off a deep elf master archer on level 3 of the Elven Halls)

   [ring of protection]

   It affects your AC (+8).
Wands
 z - a wand of digging (5)
 K - a wand of iceblast (4)
Scrolls
 d - 5 scrolls of identify
 h - 6 scrolls of fear
 j - 6 scrolls of noise
 m - 2 scrolls of enchant weapon
 n - 17 scrolls of remove curse
 o - 6 scrolls of teleportation
 r - 3 scrolls of magic mapping
 s - a scroll of enchant armour
 E - 3 scrolls of blinking
 J - 2 scrolls of fog
 N - a scroll of silence
 V - 3 scrolls of summoning
Potions
 k - 4 potions of heal wounds
 l - 13 potions of curing
 p - 3 potions of berserk rage
 w - a potion of mutation
 x - 2 potions of haste
 F - a potion of brilliance
 X - 3 potions of resistance
 Z - 3 potions of might
Books
 b - a manual of Staves
 i - a manual of Air Magic
 t - a manual of Translocations
 u - a manual of Hexes
 v - a manual of Fighting
Comestibles
 f - 75 rations
 C - 10 chunks of flesh


   Skills:
 + Level 20.2 Fighting
 + Level 21.3 Long Blades
   Level 0.8 Polearms
 + Level 17.9 Armour
 + Level 5.9 Dodging
 + Level 2.4 Stealth
 + Level 25.2 Shields
 + Level 0.2 Unarmed Combat
 + Level 2.1 Invocations
 + Level 0.6 Evocations


You had 20 spell levels left.
You didn't know any spells.
Your spell library contained the following spells:

 Spells                   Type           Power        Failure   Level  Hunger
 Animate Skeleton         Necr           N/A          80%         1    ##.....
 Apportation              Tloc           #.....       80%         1    ##.....
 Beastly Appendage        Tmut           #.....       80%         1    ##.....
 Confusing Touch          Hex            #.....       80%         1    ##.....
 Corona                   Hex            #......      80%         1    ##.....
 Infusion                 Chrm           #...         80%         1    ##.....
 Magic Dart               Conj           #...         80%         1    ##.....
 Pain                     Necr           #...         80%         1    ##.....
 Shock                    Conj/Air       #...         80%         1    ##.....
 Sting                    Conj/Pois      #...         80%         1    ##.....
 Summon Butterflies       Summ           #.......     80%         1    ##.....
 Summon Small Mammal      Summ           #...         80%         1    ##.....
 Call Imp                 Summ           #.......     91%         2    ###....
 Ensorcelled Hibernation  Hex/Ice        #.....       91%         2    ###....
 Poisonous Vapours        Pois/Air       #.....       91%         2    ###....
 Searing Ray              Conj           #.....       91%         2    ###....
 Sticks to Snakes         Tmut           #.......     91%         2    ###....
 Sublimation of Blood     Necr           #.........   91%         2    ###....
 Swiftness                Chrm/Air       #.......     91%         2    ###....
 Throw Flame              Conj/Fire      #.....       91%         2    ###....
 Call Canine Familiar     Summ           #.......     99%         3    ####...
 Confuse                  Hex            #.......     99%         3    ####...
 Conjure Flame            Conj/Fire      #.......     99%         3    ####...
 Dazzling Spray           Conj/Hex       #.....       99%         3    ####...
 Ignite Poison            Fire/Tmut/Pois #.......     99%         3    ####...
 Lesser Beckoning         Tloc           #.........   99%         3    ####...
 Mephitic Cloud           Conj/Pois/Air  #.......     99%         3    ####...
 Portal Projectile        Hex/Tloc       #.....       99%         3    ####...
 Recall                   Summ/Tloc      N/A          99%         3    ####...
 Spider Form              Tmut/Pois      #.........   99%         3    ####...
 Static Discharge         Conj/Air       #.......     99%         3    ####...
 Stone Arrow              Conj/Erth      #.....       99%         3    ####...
 Summon Guardian Golem    Hex/Summ       #.......     99%         3    ####...
 Tukima's Dance           Hex            #.......     99%         3    ####...
 Airstrike                Air            #.........   100%        4    #####..
 Force Lance              Conj/Tloc      #.......     100%        4    #####..
 Fulminant Prism          Conj/Hex       #.........   100%        4    #####..
 Ice Form                 Ice/Tmut       #.......     100%        4    #####..
 Iskenderun's Mystic Bla  Conj           #.......     100%        4    #####..
 Leda's Liquefaction      Hex/Erth       #.........   100%        4    #####..
 Olgreb's Toxic Radiance  Pois           #.......     100%        4    #####..
 Summon Ice Beast         Ice/Summ       #.......     100%        4    #####..
 Summon Lightning Spire   Summ/Air       #.......     100%        4    #####..
 Throw Icicle             Conj/Ice       #.......     100%        4    #####..
 Agony                    Necr           #.......     100%        5    ######.
 Alistair's Intoxication  Tmut/Pois      #.......     100%        5    ######.
 Blade Hands              Tmut           #.........   100%        5    ######.
 Borgnjor's Vile Clutch   Necr/Erth      #.........   100%        5    ######.
 Lightning Bolt           Conj/Air       #.........   100%        5    ######.
 Silence                  Hex/Air        #.........   100%        5    ######.
 Venom Bolt               Conj/Pois      #.........   100%        5    ######.
 Conjure Ball Lightning   Conj/Air       #.........   100%        6    #######
 Darkness                 Hex            #.........   100%        6    #######
 Freezing Cloud           Conj/Ice/Air   #.........   100%        6    #######
 Hydra Form               Tmut           #.........   100%        6    #######
 Invisibility             Hex            #.......     100%        6    #######
 Ozocubu's Refrigeration  Ice            #.........   100%        6    #######
 Shadow Creatures         Summ           N/A          100%        6    #######
 Simulacrum               Ice/Necr       #.........   100%        6    #######
 Ring of Flames           Chrm/Fire      #.........   100%        7    #######
 Summon Hydra             Summ           #.........   100%        7    #######
 Dragon's Call            Summ           #.........   100%        9    #######


Dungeon Overview and Level Annotations

Branches:
Dungeon (15/15)            Temple (1/1) D:6            Lair (6/6) D:8
 Shoals (4/4) Lair:2       Spider (4/4) Lair:3        Slime (0/5) Lair:5
    Orc (2/2) D:11            Elf (3/3) Orc:2        Vaults (2/5) D:14
 Depths (0/5) D:15
  Crypt: Vaults:2-3

Altars:
Cheibriados
Dithmenos
Elyvilon
Fedhas
Gozag
Hepliaklqana
Kikubaaqudgha
Makhleb
Nemelex Xobeh
Okawaru
Qazlal
Ru
Sif Muna
Trog
Uskayaw
Vehumet
Wu Jian
Xom
Yredelemnul
Zin
Jiyva

Shops:
D:6 %   D:10 !   Orc:1 (   Orc:2 **[*!   Shoals:2 *   Vaults:1 :


Innate Abilities, Weirdness & Mutations

You reflexively headbutt those who attack you in melee.
You have a pair of horns on your head.


Message History

The stone giant throws a large rock.
The large rock hits you!!
* * * LOW HITPOINT WARNING * * *
Things that are here:
a bolt; 4 large rocks; a cyclops corpse The ironbrand convoker barely misses you.
You furiously retaliate!
You headbutt the ironbrand convoker.
Unknown command.
You slice the ironbrand convoker!! You headbutt the ironbrand convoker!!
The ironbrand convoker is almost dead.
You block the freezing wraith's attack. The freezing wraith hits you.
* * * LOW HITPOINT WARNING * * *
You block the ironbrand convoker's attack.
You slash the ironbrand convoker!
You kill the ironbrand convoker!
Okawaru accepts your kill.
The yaktaur unwields a +0 arbalest.
You block the yaktaur's attack. The freezing wraith hits you!
* * * LOW HITPOINT WARNING * * *
The freezing wraith freezes you!
You die...

####### ......#
##+############## ##....#
..(..............
.##...#.....(.............
..##..#........C..........
...##.#........c@W....C...
......#..........(.!....(.
...##.#...........(.......
..##..#.........[.........
.##...#.........(.........
##....'.........#########.
......#.........#
#######......(..#
#.........#


You could see 2 stone giants, a yaktaur and a freezing wraith.

Vanquished Creatures
  Bai Suzhen (Shoals:3)
  Arachne (Spider:4)
  Jorgrun (Elf:2)
  3 deep elf blademasters
  The ghost of BorisKarlOrff the Peltast, an adept MiFi of Xom (Shoals:4)
  3 deep elf master archers (Elf:3)
  Asterion (Vaults:1)
  2 krakens
  Kirke (Spider:4)
  Agnes (Spider:1)
  Donald (Shoals:3)
  Roxanne (Spider:4)
  4 ghost moths (Spider:4)
  Aizul (Spider:2)
  A frost giant (Vaults:2)
  An orc warlord (Orc:1)
  Ilsuiw (Shoals:2)
  7 deep elf sorcerers (Elf:3)
  A vault warden (Vaults:1)
  5 emperor scorpions
  A deep elf elementalist (Elf:3)
  2 ironheart preservers (Vaults:1)
  5 very ugly things
  4 entropy weavers
  A minotaur (Gauntlet)
  5 deep elf demonologists
  6 deep elf annihilators (Elf:3)
  2 spark wasps (Spider:4)
  3 deep elf death magi
  Snorg (D:10)
  2 merfolk javelineers (Shoals:4)
  The ghost of Lafu the Bewitcher, a journeyman FeEn of Wu Jian (Elf:1)
  4 deep elf high priests (Elf:3)
  5 merfolk impalers
  2 fire dragons
  A yaktaur captain (Vaults:1)
  6 ice dragons
  8 hydras
  2 vault guards (D:14)
  5 merfolk avatars
  The ghost of Jabberih the Ripper, a journeyman FeBe of Trog (Shoals:2)
  A death knight (Vaults:2)
  4 centaur warriors
  9 merfolk aquamancers
  An alligator snapping turtle (Shoals:3)
  11 two-headed ogres
  A vampire mage (D:15)
  2 satyrs (Shoals:4)
  11 death yaks
  6 orc high priests
  4 ogre magi
  A queen ant (D:10)
  A titan zombie (D:15)
  30 dancing weapons
  The ghost of Baolois the Fighter, a novice GrBe of Trog (Lair:1)
  14 deep elf knights
  7 skeletal warriors
  10 sea snakes
  4 unseen horrors
  A flayed ghost (Vaults:2)
  4 wizards
  12 deep elf archers
  A glowing orange brain (Vaults:1)
  62 deep elf magi
  8 ironbrand convokers
  9 harpies
  14 orc knights
  7 wolf spider zombies (Spider:1)
  An orange crystal statue (Elf:1)
  2 necromancers
  An orc sorcerer (Orc:1)
  20 orb spiders
  17 manticores
  19 ugly things
  14 fauns
  36 wolf spiders
  3 salamanders (Volcano)
  A manticore (shapeshifter) (Vaults:1)
  2 moths of wrath
  7 cyclopes
  A moth of wrath (shapeshifter) (Vaults:1)
  12 merfolk sirens
  7 black mambas
  3 centaur zombies
  7 elephants
  7 water nymphs
  A guardian serpent (Lair:6)
  2 ice statues (IceCv)
  A smoke demon (Gauntlet)
  Joseph (Lair:1)
  A vault sentinel (Vaults:1)
  3 gargoyles
  A stone giant skeleton (D:15)
  9 spiny frogs
  2 kobold demonologists
  8 rime drakes
  An elf zombie (D:15)
  3 komodo dragons
  4 yaktaurs
  11 redback zombies (Spider:1)
  10 demonic crawlers
  A freezing wraith (Vaults:1)
  A guardian mummy (D:15)
  A queen bee (shapeshifter) (Elf:2)
  A red devil (Gauntlet)
  2 ice devils (D:11)
  The ghost of wont the Chopper, an amateur NaFi (D:4)
  46 jumping spiders
  8 trolls
  A meliai (shapeshifter) (Vaults:1)
  10 hornets
  32 merfolk
  A polar bear (Lair:4)
  7 snapping turtles
  2 wind drakes
  A queen bee (Lair:2)
  21 hippogriffs
  8 blink frogs (Lair:2)
  7 slime creatures
  2 dream sheep (Shoals:2)
  6 tarantella zombies (Spider:1)
  A meliai zombie (D:8)
  A fire dragon zombie (D:15)
  4 air elementals
  34 tarantellas
  20 water elementals
  A centaur simulacrum (D:14)
  A shadow (D:11)
  6 fire bats (Volcano)
  3 wraiths
  15 wyverns
  89 redbacks
  3 basilisks
  31 yaks
  9 fire elementals
  23 humans
  9 hogs
  Eustachio (D:9)
  9 vampire mosquitoes
  4 steam dragons
  2 hungry ghosts
  2 human simulacra (Vaults:1)
  4 soldier ants
  6 wargs
  5 acid dragons
  27 water moccasins
  3 porcupines
  An eye of draining (shapeshifter) (D:13)
  5 black bears
  3 phantoms
  53 orc warriors
  20 ice beasts
  A sky beast (D:9)
  23 ogres
  22 wolves
  An eye of draining (D:8)
  A necrophage (D:7)
  5 boggarts (Vaults:1)
  7 centaurs
  18 crocodiles
  Blork the orc (D:9)
  16 bullfrogs
  5 big kobolds
  5 gnoll sergeants
  7 earth elementals
  A spiny frog simulacrum (Lair:1)
  A scorpion (D:8)
  A water moccasin skeleton (D:10)
  45 killer bees
  11 wights
  A rime drake simulacrum (Lair:1)
  3 electric eels
  6 howler monkeys
  12 crimson imps
  19 orc wizards
  A quasit (D:13)
  A yaktaur simulacrum (Vaults:1)
  5 bullfrog zombies
  A wyvern simulacrum (D:11)
  6 jellies
  3 centaur skeletons
  4 hounds
  35 orc priests
  A bullfrog skeleton (D:4)
  A gnoll shaman (D:6)
  27 worker ants
  6 iguanas
  A wolf simulacrum (Lair:1)
  A killer bee zombie (D:4)
  A bullfrog simulacrum (Lair:1)
  3 hound zombies
  18 adders
  19 gnolls
  A crocodile simulacrum (Lair:1)
  13 shadow imps
  2 white imps (Gauntlet)
  An adder skeleton (D:8)
  8 worms
  3 dart slugs
  3 leopard geckos
  117 orcs
  6 giant cockroaches
  6 goblins
  11 hobgoblins
  14 jackals
  4 quokkas
  3 bats
  4 frilled lizards
  28 kobolds
  A leopard gecko skeleton (D:4)
  14 rats
  2 fungi (Lair:1)
  18 plants
  5 tentacles
1723 creatures vanquished.

Vanquished Creatures (others)
  A deep elf master archer (Elf:3)
  2 merfolk javelineers
  A centaur warrior (D:13)
  2 satyrs (Shoals:3)
  A wolf spider (Spider:2)
  4 cyclopes
  A faun (Shoals:3)
  A deep elf mage (Elf:1)
  A human (Spider:4)
  A centaur (D:15)
  2 killer bees (Lair:2)
  An orc (Orc:2)
  10 fungi
  13 plants
  10 tentacles
  14 withered plants (Gauntlet)
65 creatures vanquished.

Grand Total: 1788 creatures vanquished

Notes
Turn   | Place    | Note
-------+----------+-------------------------------------------
     0 | D:1      | Peloso the Minotaur Fighter began the quest for the Orb.
     0 | D:1      | Reached XP level 1. HP: 19/19 MP: 0/0
   130 | D:1      | Reached XP level 2. HP: 27/27 MP: 1/1
   260 | D:1      | Reached skill level 4 in Shields
   318 | D:1      | Reached XP level 3. HP: 26/33 MP: 2/2
   890 | D:2      | Reached XP level 4. HP: 21/40 MP: 3/3
  1123 | D:2      | Found a faded altar of an unknown god.
  1156 | D:2      | Reached skill level 1 in Dodging
  1561 | D:2      | Found a sacrificial altar of Ru.
  1977 | D:3      | Reached XP level 5. HP: 47/47 MP: 4/4
  2242 | D:3      | Found an opulent altar of Gozag.
  2746 | D:4      | Reached skill level 5 in Shields
  2878 | D:4      | Reached XP level 6. HP: 38/53 MP: 5/5
  2914 | D:4      | Found a runed translucent door.
  2921 | D:4      | Noticed wont's ghost (amateur NaFi)
  3084 | D:4      | Found a blossoming altar of Fedhas.
  3144 | D:4      | Found a burning altar of Makhleb.
  3150 | D:4      | Found a hazy altar of Hepliaklqana.
  3150 | D:4      | Found a bloodstained altar of Trog.
  3198 | D:4      | Found a glowing silver altar of Zin.
  3200 | D:4      | Found a snail-covered altar of Cheibriados.
  3398 | D:5      | Entered Level 5 of the Dungeon
  3453 | D:5      | Reached skill level 5 in Long Blades
  3453 | D:5      | Reached skill level 5 in Armour
  3495 | D:5      | Reached skill level 6 in Shields
  3513 | D:5      | Reached XP level 7. HP: 58/60 MP: 6/6
  4127 | D:6      | Reached skill level 5 in Fighting
  4133 | D:6      | Found an ornate altar of the Wu Jian Council.
  4247 | D:6      | Found Tonn's Food Shop.
  4280 | D:6      | Found a deep blue altar of Sif Muna.
  4289 | D:6      | Reached skill level 7 in Shields
  4289 | D:6      | Reached XP level 8. HP: 66/69 MP: 7/7
  4402 | D:6      | Found a staircase to the Ecumenical Temple.
  4415 | Temple   | Entered the Ecumenical Temple
  4429 | Temple   | Became a worshipper of Warmaster Okawaru
  4554 | D:6      | Got a shimmering war axe
  4555 | D:6      | Identified the +9 war axe of the Whelk {drain, Stlth+} (You
                  | found it on level 6 of the Dungeon)
  5024 | D:7      | Reached skill level 8 in Shields
  5037 | D:7      | Noticed a manticore
  5048 | D:7      | Killed a manticore
  5048 | D:7      | Reached * piety under Okawaru
  5048 | D:7      | Reached XP level 9. HP: 39/75 MP: 8/8
  5107 | D:7      | Noticed a two-headed ogre
  5109 | D:7      | Noticed a troll
  5118 | D:7      | Killed a two-headed ogre
  5124 | D:7      | Killed a troll
  5124 | D:7      | Reached skill level 9 in Shields
  5128 | D:7      | Reached ** piety under Okawaru
  5175 | D:7      | Identified the ring "Gemaonamp" {rElec rPois Int-5 Dex+2}
  5180 | D:7      | Got a warped silver ring
  5184 | D:7      | Identified the ring of Liberty {*Tele rC- rN+ Str+5} (You
                  | found it on level 7 of the Dungeon)
  5200 | D:7      | Got a clouded bronze ring
  5201 | D:7      | Identified the ring of the Manifold Gods {+Inv rPois rF-
                  | MR+++ Str+4} (You found it on level 7 of the Dungeon)
  5273 | D:7      | Identified the ring "Piqeyfeg" {*Slow +Inv rElec rPois
                  | Str+9}
  5273 | D:7      | Noticed a skeletal warrior
  5294 | D:7      | Reached skill level 10 in Long Blades
  5308 | D:7      | Killed a skeletal warrior
  5308 | D:7      | Reached XP level 10. HP: 35/86 MP: 7/9
  5626 | D:7      | Reached skill level 10 in Shields
  5799 | D:7      | Reached *** piety under Okawaru
  5925 | D:7      | Found an iron altar of Okawaru.
  6179 | D:4      | Killed wont's ghost
  6284 | D:8      | Noticed a centaur warrior
  6313 | D:8      | Killed a centaur warrior
  6396 | D:8      | Noticed a moth of wrath
  6398 | D:8      | Found a bloodstained altar of Trog.
  6449 | D:8      | Received a gift from Okawaru
  6475 | D:8      | Reached skill level 11 in Shields
  6590 | D:8      | Noticed a two-headed ogre
  6599 | D:8      | Killed a two-headed ogre
  6599 | D:8      | Reached **** piety under Okawaru
  6634 | D:8      | Found a staircase to the Lair.
  6651 | D:8      | Reached XP level 11. HP: 95/95 MP: 0/10
  7284 | D:9      | Reached skill level 10 in Armour
  7366 | D:9      | Noticed a purple ugly thing
  7373 | D:9      | Killed a purple ugly thing
  7373 | D:9      | Received a gift from Okawaru
  7437 | D:9      | Noticed Eustachio
  7450 | D:9      | Noticed Blork the orc
  7461 | D:9      | Killed Blork the orc
  7475 | D:9      | Killed Eustachio
  7952 | D:10     | Entered Level 10 of the Dungeon
  8006 | D:10     | Found Kuschir's Distillery.
  8010 | D:10     | Bought a potion of curing for 51 gold pieces
  8010 | D:10     | Bought a potion of berserk rage for 85 gold pieces
  8194 | D:10     | Reached ***** piety under Okawaru
  8194 | D:10     | Reached skill level 12 in Shields
  8218 | D:10     | Killed an unseen horror
  8300 | D:10     | Noticed Snorg
  8311 | D:10     | Killed Snorg
  8391 | D:10     | Noticed a queen ant
  8407 | D:10     | Received a gift from Okawaru
  8412 | D:10     | Killed a queen ant
  8439 | D:10     | Got a shimmering double sword {god gift}
  8440 | D:10     | Identified the +8 double sword "Larphynnau" {elec, +Blink
                  | rPois rF+++ Int-4} (Okawaru gifted it to you on level 10 of
                  | the Dungeon)
  8458 | D:10     | Reached skill level 13 in Shields
  8738 | D:11     | Lost intelligence.
  8781 | D:11     | Noticed a centaur warrior
  8785 | D:11     | Noticed a two-headed ogre
  8797 | D:11     | Killed a centaur warrior
  8797 | D:11     | Reached skill level 10 in Fighting
  8800 | D:11     | Killed a two-headed ogre
  8800 | D:11     | Reached XP level 12. HP: 39/106 MP: 11/11
  8848 | D:11     | Received a gift from Okawaru
  8851 | D:11     | Found a frozen archway.
  8876 | D:11     | Got a crude great sword {god gift}
  9020 | IceCv    | Entered an ice cave
  9714 | IceCv    | Noticed an ice dragon
  9714 | IceCv    | Noticed an ice dragon
  9722 | IceCv    | Killed an ice dragon
  9726 | IceCv    | Killed an ice dragon
  9726 | IceCv    | Received a gift from Okawaru
  9825 | IceCv    | Got a flickering turquoise ring
  9841 | IceCv    | Identified the ring "Kujuu" {rN+ MP+9} (You found it in an
                  | ice cave)
 10448 | D:11     | Found a staircase to the Orcish Mines.
 10502 | D:11     | Reached ****** piety under Okawaru
 10502 | D:11     | Reached skill level 14 in Shields
 10667 | D:11     | Noticed a centaur warrior
 10673 | D:11     | Killed a centaur warrior
 10773 | Lair:1   | Entered Level 1 of the Lair of Beasts
 10817 | Lair:1   | Found a runed translucent gate.
 10817 | Lair:1   | Found a runed translucent gate.
 10817 | Lair:1   | Found a runed translucent gate.
 10847 | Lair:1   | Noticed a six-headed hydra
 10858 | Lair:1   | Killed a 13-headed hydra
 10858 | Lair:1   | Received a gift from Okawaru
 10863 | Lair:1   | Got a spiked troll leather armour {god gift}
 10889 | Lair:1   | Found a dark tunnel.
 10897 | Volcano  | Entered a volcano
 10898 | Volcano  | Noticed a two-headed ogre
 10903 | Volcano  | Killed a two-headed ogre
 10905 | Volcano  | Reached skill level 15 in Long Blades
 10925 | Volcano  | Noticed a two-headed ogre
 10934 | Volcano  | Reached XP level 13. HP: 97/116 MP: 10/12
 11251 | Volcano  | Noticed a fire dragon
 11262 | Volcano  | Killed a fire dragon
 11797 | Lair:1   | Noticed Baolois's ghost (novice GrBe)
 11969 | Lair:1   | Noticed Joseph
 11976 | Lair:1   | Killed Joseph
 12029 | Lair:1   | Got a smoking flail
 12060 | Lair:1   | Identified the +10 flail of Ecimp {pain, rN++ MR- Str+4
                  | Int-3} (You found it on level 1 of the Lair of Beasts)
 12084 | Lair:1   | Identified the +1 troll leather armour of Ennui {rF+
                  | Regen+} (Okawaru gifted it to you on level 1 of the Lair of
                  | Beasts)
 12573 | Lair:1   | Identified the +1 great sword of Rew Aczo {pain, rN+ Dex+4
                  | SInv} (Okawaru gifted it to you on level 11 of the Dungeon)
 12729 | Lair:2   | Reached skill level 15 in Shields
 12769 | Lair:2   | Reached skill level 1 in Invocations
 12870 | Lair:2   | Received a gift from Okawaru
 13050 | Lair:2   | Found a staircase to the Shoals.
 13846 | Lair:3   | Found a hole to the Spider Nest.
 13853 | Lair:3   | Reached skill level 1 in Stealth
 14462 | Lair:4   | Reached skill level 16 in Shields
 14462 | Lair:4   | Reached XP level 14. HP: 109/126 MP: 13/13
 14905 | Lair:4   | Received a gift from Okawaru
 15973 | Lair:5   | Found a viscous altar of Jiyva.
 15973 | Lair:5   | Found a staircase to the Slime Pits.
 16154 | Lair:6   | Entered Level 6 of the Lair of Beasts
 16330 | Lair:6   | Received a gift from Okawaru
 16971 | Lair:6   | Reached skill level 17 in Shields
 17304 | Lair:6   | Received a gift from Okawaru
 18174 | Lair:1   | Killed Baolois's ghost
 18628 | D:12     | Reached XP level 15. HP: 137/137 MP: 14/14
 19126 | D:13     | Received a gift from Okawaru
 19478 | D:13     | Found the macabre finger necklace {rN+}
 19697 | D:13     | Reached skill level 18 in Shields
 19804 | Orc:1    | Entered Level 1 of the Orcish Mines
 19890 | Orc:1    | Found Piygiann's Antique Weapon Shoppe.
 20004 | Orc:1    | Noticed an orc warlord
 20252 | Orc:1    | Killed an orc warlord
 20466 | Orc:2    | Entered Level 2 of the Orcish Mines
 20578 | Orc:2    | Found a staircase to the Elven Halls.
 21014 | Orc:2    | Received a gift from Okawaru
 22287 | Orc:2    | Found Reypt's Retail Resort.
 22478 | Orc:2    | Found Fyempic's General Store.
 22478 | Orc:2    | Found Peggequi's Distillery.
 22479 | Orc:2    | Found Qoom's Armour Boutique.
 22479 | Orc:2    | Found Zimuim's Assorted Antiques.
 22487 | Orc:2    | Bought a scroll of identify for 28 gold pieces
 22487 | Orc:2    | Bought a potion of degeneration for 14 gold pieces
 22490 | Orc:2    | Bought a scroll labeled LIUNAD TUIH for 35 gold pieces
 22490 | Orc:2    | Bought a scroll of enchant armour for 262 gold pieces
 22491 | Orc:2    | Bought a potion of heal wounds for 75 gold pieces
 22491 | Orc:2    | Bought a potion of agility for 60 gold pieces
 22491 | Orc:2    | Bought a potion of invisibility for 120 gold pieces
 22491 | Orc:2    | Bought a potion of mutation for 120 gold pieces
 22491 | Orc:2    | Bought a potion of flight for 45 gold pieces
 22491 | Orc:2    | Bought a potion of curing for 45 gold pieces
 22491 | Orc:2    | Bought a potion of curing for 45 gold pieces
 22768 | D:14     | Reached skill level 19 in Shields
 22964 | D:14     | Identified the +7 mace of Fouxeoc {speed, Dex+2}
 23046 | D:14     | Reached XP level 16. HP: 147/147 MP: 15/15
 23047 | D:14     | Found a gate to the Vaults.
 23291 | D:15     | Entered Level 15 of the Dungeon
 23379 | D:15     | Found a staircase to the Depths.
 23390 | D:15     | Received a gift from Okawaru
 23390 | D:15     | Reached skill level 15 in Fighting
 23444 | D:15     | Found a gate leading to a gauntlet.
 23453 | Gauntlet | Entered a Gauntlet
 23453 | Gauntlet | Found a transporter.
 23453 | Gauntlet | Found a transporter.
 23458 | Gauntlet | Found a transporter.
 23474 | Gauntlet | Found a transporter.
 23489 | Gauntlet | Found a transporter.
 23503 | Gauntlet | Found a transporter.
 23588 | Gauntlet | Identified the +4 broad axe of Guile {antimagic, *Rage
                  | +Rage rN+}
 23593 | Gauntlet | Found a transporter.
 23609 | Gauntlet | Found a transporter.
 23626 | Gauntlet | Found a transporter.
 23638 | Gauntlet | Found a transporter.
 23735 | Gauntlet | Found a transporter.
 23744 | Gauntlet | Found a transporter.
 23745 | Gauntlet | Found a transporter.
 23746 | Gauntlet | Found a transporter.
 23752 | Gauntlet | Found a transporter.
 23755 | Gauntlet | Found a transporter.
 23909 | Gauntlet | Got a coiled diamond amulet
 23912 | Gauntlet | Identified the amulet of Renloub {Gourm Str+4} (You found
                  | it in a Gauntlet)
 23971 | Gauntlet | Got a glittering brass amulet
 24051 | Gauntlet | Identified the +3 chain mail of Vlad {Dex+3}
 24051 | Gauntlet | Identified the amulet of Jishiogo {+Rage rN+ Int+4 Dex-2
                  | SInv}
 24149 | Gauntlet | Identified the amulet "Kasel" {Spirit +Blink rPois Dex+3}
                  | (You found it in a Gauntlet)
 24157 | Gauntlet | Got a pitted pewter ring
 24160 | Gauntlet | Identified the ring "Aleynuxt" {MR+ Str+4 Int+4} (You found
                  | it in a Gauntlet)
 24594 | Shoals:1 | Entered Level 1 of the Shoals
 24807 | Shoals:1 | Noticed a kraken
 24816 | Shoals:1 | Killed a kraken
 24966 | Shoals:1 | Received a gift from Okawaru
 24976 | Shoals:1 | Got a faintly glowing plate armour {god gift}
 24992 | Shoals:1 | Identified the +0 plate armour of the Duchess {rC+}
                  | (Okawaru gifted it to you on level 1 of the Shoals)
 25129 | Shoals:1 | Reached skill level 20 in Shields
 25169 | Shoals:1 | Noticed a kraken
 25182 | Shoals:1 | HP: 4/149 [kraken (16)]
 25987 | Shoals:2 | Found a runed translucent gate.
 25990 | Shoals:2 | Found a runed translucent gate.
 25991 | Shoals:2 | Noticed a kraken
 25995 | Shoals:2 | Noticed Jabberih's ghost (journeyman FeBe)
 25997 | Shoals:2 | Found a runed translucent gate.
 26155 | Shoals:2 | Noticed Ilsuiw
 26161 | Shoals:2 | Found Gulir's General Store.
 26624 | Shoals:2 | Bought a scroll of identify for 32 gold pieces
 26700 | Shoals:2 | Killed Ilsuiw
 27176 | Shoals:2 | Killed Jabberih's ghost
 27199 | Shoals:2 | Killed a kraken
 27208 | Shoals:2 | Got a scorched copper ring
 27254 | Shoals:2 | Identified the ring "Pemyss" {Wiz rF++ rC++ Dex-3} (You
                  | found it on level 2 of the Shoals)
 27278 | Shoals:3 | Noticed Donald
 27676 | Shoals:3 | Killed Donald
 27967 | Shoals:3 | Received a gift from Okawaru
 27968 | Shoals:3 | Reached XP level 17. HP: 158/158 MP: 17/17
 28094 | Shoals:3 | Noticed Bai Suzhen
 28108 | Shoals:3 | Killed Bai Suzhen
 28108 | Shoals:3 | Reached skill level 21 in Shields
 29112 | Shoals:4 | Entered Level 4 of the Shoals
 29233 | Shoals:4 | Identified a scroll of acquirement
 29845 | Shoals:4 | Found a runed translucent door.
 29846 | Shoals:4 | Found a shimmering altar of Xom.
 29846 | Shoals:4 | Noticed BorisKarlOrff's ghost (adept MiFi)
 30611 | Shoals:4 | Killed BorisKarlOrff's ghost
 30611 | Shoals:4 | Received a gift from Okawaru
 31210 | Shoals:4 | Got a polished scimitar {god gift}
 31221 | Shoals:4 | Got a barnacled rune of Zot
 31367 | Shoals:4 | Reached skill level 15 in Armour
 31507 | Shoals:4 | Identified the +10 scimitar "Xipt" {speed, Dex+5} (Okawaru
                  | gifted it to you on level 4 of the Shoals)
 32094 | Spider:1 | Entered Level 1 of the Spider Nest
 32163 | Spider:1 | Received a gift from Okawaru
 32176 | Spider:1 | Reached skill level 5 in Dodging
 32231 | Spider:1 | Noticed Agnes
 32242 | Spider:1 | Killed Agnes
 32242 | Spider:1 | Reached skill level 22 in Shields
 32771 | Spider:2 | Reached XP level 18. HP: 124/169 MP: 18/18
 32845 | Spider:1 | Noticed Aizul
 32871 | Spider:2 | Killed Aizul
 34933 | Spider:2 | Received a gift from Okawaru
 36024 | Spider:4 | Entered Level 4 of the Spider Nest
 36035 | Spider:4 | Noticed Kirke
 36211 | Spider:4 | Killed Kirke
 36211 | Spider:4 | Received a gift from Okawaru
 36374 | Spider:4 | Reached skill level 23 in Shields
 37453 | Spider:4 | Noticed Arachne
 37458 | Spider:4 | Received a gift from Okawaru
 37467 | Spider:4 | Killed Arachne
 38425 | Spider:4 | Reached XP level 19. HP: 121/179 MP: 0/19
 38725 | Spider:4 | Identified Roxanne's Collected Works on Stones
 38725 | Spider:4 | Noticed Roxanne
 38738 | Spider:4 | Killed Roxanne
 38869 | Spider:4 | Got a gossamer rune of Zot
 39306 | Elf:1    | Entered Level 1 of the Elven Halls
 39785 | Elf:1    | Found a runed translucent door.
 39821 | Elf:1    | Noticed Lafu's ghost (journeyman FeEn)
 39849 | Elf:1    | Killed Lafu's ghost
 40196 | Elf:1    | Found a gateway to a bazaar.
 40234 | Bazaar   | Entered a bazaar
 40234 | Bazaar   | Found Cupaaci's Armour Shoppe.
 40234 | Bazaar   | Found Guuwin's General Store.
 40249 | Bazaar   | Found Muweutru's Weapon Emporium.
 40264 | Bazaar   | Found Rawnatusk's General Store.
 40272 | Bazaar   | Found Vennamn's Antique Armour Boutique.
 40319 | Bazaar   | Bought a scroll of enchant armour for 112 gold pieces
 40500 | Elf:1    | Found a radiant altar of Vehumet.
 41085 | Elf:1    | Identified Sif Muna's Incunabulum of Creation
 41134 | Elf:1    | Received a gift from Okawaru
 41916 | Elf:2    | Found a runed translucent gate.
 41916 | Elf:2    | Found a runed translucent gate.
 41917 | Elf:2    | Found a runed translucent gate.
 42329 | Elf:2    | Noticed Jorgrun
 42351 | Elf:2    | Killed Jorgrun
 42351 | Elf:2    | Received a gift from Okawaru
 42351 | Elf:2    | Reached skill level 24 in Shields
 43033 | Elf:3    | Entered Level 3 of the Elven Halls
 43906 | Elf:3    | Reached XP level 20. HP: 182/189 MP: 20/20
 44133 | Elf:3    | Received a gift from Okawaru
 44387 | Elf:3    | Identified the +10 halberd of a volcano {holy, rPois}
 45431 | Elf:3    | Identified the Volume of Creative Changing
 45440 | Elf:3    | Identified Juzuaceke's Catalogue of the Birds and Combat
                  | Magic
 45489 | Elf:3    | Identified the Disquisition on Malediction and Evil
 46138 | Vaults:1 | Entered Level 1 of the Vaults
 46370 | Vaults:1 | Received a gift from Okawaru
 46686 | Vaults:1 | Found Waavu Bupp's Book Boutique.
 46792 | Vaults:1 | Found a portal to a secret trove of treasure.
 47393 | Vaults:1 | Got a steaming battleaxe
 47619 | Vaults:1 | Reached skill level 25 in Shields
 47896 | Vaults:1 | Identified the +0 shield of Wuguxokk {Str+5 Int+4}
 47897 | Vaults:1 | Noticed Asterion
 47906 | Vaults:1 | Killed Asterion
 48633 | Orc:2    | Bought a potion of agility for 60 gold pieces
 49054 | Vaults:1 | You paid a toll of 9 potions of agility to enter a treasure
                  | trove
 49055 | Trove    | Entered a treasure trove
 49090 | Trove    | Identified Sif Muna's Introduction to Secret Knowledge
 49115 | Trove    | Identified Sif Muna's Papyrus of the Oath and Ice
 49351 | Vaults:2 | Reached XP level 21. HP: 124/201 MP: 21/21
 49377 | Vaults:2 | Slain by a freezing wraith

Skill      XL: |  1  2  3  4  5  6  7  8  9 10 11 12 13 14 15 16 17 18 19 20 |
---------------+-------------------------------------------------------------+-----
Fighting       | 4 5 6 7 8 10 11 12 13 14 15 17 18 20 | 20.2
Armour         | 4 5 7 8 9 10 11 12 13 14 15 16 17 | 17.9
Shields        | 4 5 6 7 8 9 11 13 14 16 17 19 20 22 23 24 25 | 25.2
Long Blades    | 3 4 5 6 8 10 11 13 15 16 17 18 19 20 21 | 21.3
Dodging        | 1 2 3 4 5 |  5.9
Invocations    | 1 2 |  2.1
Stealth        | 1 2 |  2.4
Polearms       | |  0.8
Unarmed Combat | |  0.2
Evocations     | |  0.6

Action                   |  1- 3 |  4- 6 |  7- 9 | 10-12 | 13-15 | 16-18 | 19-21 || total
-------------------------+-------+-------+-------+-------+-------+-------+-------++-------
Melee: Long sword        |    98 |   168 |   218 |   176 |       |       |       ||   660
       Headbutt          |    16 |    29 |    52 |   157 |   303 |   410 |   222 ||  1189
       Scimitar          |       |       |       |   226 |       |   326 |       ||   552
       Double sword      |       |       |       |   243 |  1131 |  1030 |   875 ||  3279
       Trident           |       |       |       |       |     4 |       |       ||     4
       Unarmed           |       |       |       |       |       |     4 |       ||     4
Invok: Heroism           |       |       |     2 |     4 |     2 |     6 |     6 ||    20
Evoke: Wand              |       |       |       |       |     4 |     1 |     7 ||    12
  Use: Scroll            |       |     6 |     1 |     7 |    11 |    12 |    11 ||    48
       Potion            |       |       |     1 |     1 |       |     6 |     4 ||    12
  Eat: Chunk             |       |     9 |     6 |    19 |    41 |    60 |    38 ||   173
       Ration            |       |       |       |       |       |     2 |       ||     2
Armor: Scale mail        |    49 |    54 |       |       |       |       |       ||   103
       Chain mail        |       |     9 |    43 |       |       |       |       ||    52
       Plate armour      |       |       |    71 |   267 |   370 |   814 |   369 ||  1891
Dodge: Dodged            |    29 |    63 |    57 |   204 |   276 |   587 |   217 ||  1433
Block: Shield            |    51 |   106 |   155 |   574 |  1116 |  1819 |   719 ||  4540
       Reflection        |       |       |       |       |    40 |   100 |    58 ||   198
       Rpst.: Long sword |     9 |    18 |    11 |    15 |       |       |       ||    53
       Scimitar          |       |       |       |    15 |       |    25 |       ||    40
       Double sword      |       |       |       |    16 |    59 |    73 |    41 ||   189
